 Dungeon Crawl Stone Soup version 0.29.1-12-g30fa7ad0bf (webtiles) character file.

Game seed: 14365206734451876888

4952 booth the Martial Artist (level 10, -2/94 HPs)
             Began as a Gnoll Wanderer on Jan 15, 2023.
             Was an Elder of Elyvilon.
             Slain by a vampire (4 damage)
             ... on level 9 of the Dungeon on Jan 16, 2023.
             The game lasted 01:28:50 (11805 turns).

booth the Martial Artist (Gnoll Wanderer)          Turns: 11805, Time: 01:28:51

Health: -2/94      AC: 15    Str: 13    XL:     10   Next: 53%
Magic:  3/18       EV: 15    Int: 11    God:    Elyvilon [****..]
Gold:   184        SH:  5    Dex: 19    Spells: 9/20 levels left

rFire   . . .      SeeInvis .   e - +2 war axe (flame)
rCold   + . .      Faith    .   (no shield)
rNeg    . . .      Spirit   .   B - +0 steam dragon scales
rPois   .          Reflect  +   (no helmet)
rElec   .          Harm     .   q - +2 cloak
rCorr   +          Rampage  .   z - +1 pair of gloves "Rirch" {Drain rC+ rCorr}
Will    .....                   p - +2 pair of boots {Stlth+}
Stlth   ++++......              f - amulet of reflection
HPRegen 0.25/turn               j - +6 ring of dexterity
MPRegen 0.16/turn               (no ring)

@: no status effects
A: fangs 1, strong nose, distributed training, clumsy 1, robust 2
a: Renounce Religion, Purification, Heal Other, Heal Self


You were on level 9 of the Dungeon.
You worshipped Elyvilon.
Elyvilon was greatly pleased with you.
You visited 1 branch of the dungeon, and saw 9 of its levels.

You collected 648 gold pieces.
You spent 464 gold pieces at shops.

Inventory:

Hand Weapons
 e - a +2 war axe of flaming (weapon)
 i - a +3 short sword of venom
 y - a +2 mace of freezing
 G - a +2 battleaxe
Missiles
 m - 17 poisoned darts (quivered)
 s - 6 boomerangs
 t - a throwing net
Armour
 p - a +2 pair of boots of stealth (worn)
 q - a +2 cloak (worn)
 z - the +1 pair of gloves "Rirch" (worn) {Drain rC+ rCorr}
   (You bought it in a shop on level 7 of the Dungeon)

   rC:        It protects you from cold.
   rCorr:     It protects you from acid and corrosion.
   Drain:     It drains your maximum health when unequipped.
 B - +0 steam dragon scales (worn)
 C - a +2 chain mail of fire resistance
 H - the +8 chain mail of the Past {rElec Str+5 Dex-4}
   (You found it on level 6 of the Dungeon)

   Str:       It affects your strength (+5).
   Dex:       It affects your dexterity (-4).
   rElec:     It insulates you from electricity.
 I - a +2 ring mail of cold resistance
 J - +0 shadow dragon scales
Jewellery
 f - an amulet of reflection (around neck)
 j - a +6 ring of dexterity (left hand)
Wands
 c - a wand of polymorph (16)
 n - a wand of digging (4)
 x - a wand of flame (9)
Scrolls
 b - a scroll of blinking
 k - a scroll of amnesia
 l - 2 scrolls of fog
 o - 3 scrolls of teleportation
 r - 2 scrolls of silence
 w - 2 scrolls of magic mapping
 D - a scroll of fear
 K - a scroll of poison
 L - a scroll of enchant armour
Potions
 a - 2 potions of might
 d - 3 potions of curing
 g - 3 potions of brilliance
 u - 3 potions of resistance
 A - a potion of lignification
 E - a potion of attraction {unknown}
 F - a potion of cancellation {unknown}


   Skills:
 + Level 7.3 Fighting
 + Level 7.3 Short Blades
 + Level 5.5 Long Blades
 + Level 5.5 Axes
 + Level 5.5 Maces & Flails
 + Level 5.5 Polearms
 + Level 5.5 Staves
 + Level 5.5 Ranged Weapons
 + Level 5.5 Throwing
 + Level 5.5 Armour
 + Level 5.5 Dodging
 + Level 6.1 Stealth
 + Level 5.5 Shields
 + Level 8.7 Unarmed Combat
 + Level 5.5 Spellcasting
 + Level 4.6 Conjurations
 + Level 4.6 Hexes
 + Level 4.6 Summonings
 + Level 4.6 Necromancy
 + Level 4.6 Translocations
 + Level 4.6 Transmutations
 + Level 4.6 Fire Magic
 + Level 4.6 Ice Magic
 + Level 4.6 Air Magic
 + Level 4.6 Earth Magic
 + Level 4.6 Poison Magic
 + Level 6.1 Invocations
 + Level 7.3 Evocations


You had 9 spell levels left.
You knew the following spells:

 Your Spells              Type           Power      Damage    Failure   Level
a - Apportation           Tloc           26%        N/A       3%          1
b - Magic Dart            Conj           52%        1d5       3%          1
c - Summon Small Mammal   Summ           52%        N/A       3%          1
d - Searing Ray           Conj           26%        2d5       4%          2
e - Gell's Gravitas       Tloc           13%        N/A       9%          3
f - Teleport Other        Tloc           13%        N/A       9%          3

Your spell library contained the following spells:

 Spells                   Type           Power      Damage    Failure   Level
 Necrotise                Necr           52%        1d6       3%          1
 Fulminant Prism          Conj/Hex       6%         3d7       30%         4
 Dispersal                Tloc           6%         N/A       99%         6


Dungeon Overview and Level Annotations

Branches:
Dungeon (9/15)             Temple (0/1) D:7
   Lair: D:8-11         Orc: D:9-12

Altars:
Elyvilon
Kikubaaqudgha
Makhleb
Ru
Sif Muna
Wu Jian
Yredelemnul
Zin
The Shining One

Shops:
D:7 !!**   D:9 :[

Annotations:
D:5 3 runed translucent doors, ThatPearl's ghost, novice DgIE


Innate Abilities, Weirdness & Mutations

You have very sharp teeth.
Your uncanny sense of smell can sniff out nearby items.
Your experience applies equally to all skills.
You are clumsy. (Dex -2)
You are very robust. (+20% HP)


Message History

The vampire is moderately damaged.
You block the vampire's attack. The vampire bites you.
The vampire draws strength from your injuries!
The vampire hits you.
* * * LOW HITPOINT WARNING * * *
The vampire bites you but does no damage.
You hit the vampire but do no damage.
The vampire is lightly damaged.
The vampire barely misses you. x2
You closely miss the vampire.
The vampire is lightly damaged.
The vampire casts a spell.
The vampire flickers and vanishes!
Deactivating autopickup; reactivate with Ctrl-A.
You hit something but do no damage. Something closely misses you.
Something bites you but does no damage.
You barely miss something. You punch something. Something hits you.
* * * LOW HITPOINT WARNING * * *
Something bites you!
* * * LOW HITPOINT WARNING * * *
Something draws strength from your injuries!
You hit something. You burn something. Something hits you.
* * * LOW HITPOINT WARNING * * *
Something bites you.
* * * LOW HITPOINT WARNING * * *
Something draws strength from your injuries!
Something hits you.
* * * LOW HITPOINT WARNING * * *
Something bites you.
* * * LOW HITPOINT WARNING * * *
Something draws strength from your injuries!
You miss something. Something hits you but does no damage.
Something bites you but does no damage.
You feel better. Something hits you!
* * * LOW HITPOINT WARNING * * *
Something bites you.
* * * LOW HITPOINT WARNING * * *
Something draws strength from your injuries!
You barely miss something. Something hits you.
You die...

#...........................#.##.
#.........###.##.................
#.........# #...............#...
#.........######..........
##............###.#....#
#......##.##...... ..#
#....)......# ...##
###.######..######...... #..#
##...{@........ ##.#
#.######....## #.## #..# ...#
#..### ##.# #....# ##...####.#
##....####.
###.[)...###........#.
#####..............
##............# ###...###### #..#


There were no monsters in sight!

Vanquished Creatures
  A two-headed ogre (D:9)
  An unseen horror (D:8)
  A hornet (D:7)
  A steam dragon (D:8)
  An ice beast (D:7)
  2 orc warriors (D:9)
  A sky beast (D:7)
  3 ogres (D:4)
  3 centaurs
  2 phantoms
  A kobold brigand (D:6)
  3 bullfrogs (D:8)
  2 gnoll sergeants
  2 necrophages (D:5)
  13 wights
  10 killer bees
  5 howler monkeys
  2 bullfrog zombies (D:5)
  4 jellies
  A hound (D:5)
  3 orc priests
  A gnoll bouda (D:7)
  2 iguanas
  7 orc wizards
  10 adders
  10 gnolls
  A shadow imp (D:5)
  5 worms
  A dart slug (D:4)
  24 orcs
  6 ball pythons
  9 bats
  3 endoplasms
  7 giant cockroaches
  2 goblins
  8 hobgoblins
  8 jackals
  14 kobolds
  A quokka (D:5)
  6 frilled lizards
  4 rats
191 creatures vanquished.

Vanquished Creatures (others)
  2 jackals (D:4)
  3 plants (D:5)
5 creatures vanquished.

Grand Total: 196 creatures vanquished

Notes
Turn   | Place    | Note
-------+----------+-------------------------------------------
     0 | D:1      | booth the Gnoll Wanderer began the quest for the Orb.
     0 | D:1      | booth set off with the following items: a +0 short sword, 2
                  | scrolls of blinking, a wand of polymorph (6), a potion of
                  | curing, a +0 robe.
     0 | D:1      | Reached XP level 1. HP: 20/20 MP: 1/1
   273 | D:1      | Reached XP level 2. HP: 17/26 MP: 2/2
   596 | D:1      | Found a faded altar of an unknown god.
   619 | D:1      | Prayed at the altar of an unknown god.
   619 | D:1      | Became a worshipper of Elyvilon the Healer
   619 | D:1      | Reached * piety under Elyvilon
  1513 | D:2      | Reached XP level 3. HP: 31/31 MP: 3/3
  1625 | D:2      | Reached skill level 1 in Invocations
  1725 | D:2      | Reached ** piety under Elyvilon
  1809 | D:2      | Reached skill level 1 in Long Blades
  1809 | D:2      | Reached skill level 1 in Axes
  1809 | D:2      | Reached skill level 1 in Maces & Flails
  1809 | D:2      | Reached skill level 1 in Polearms
  1809 | D:2      | Reached skill level 1 in Staves
  1809 | D:2      | Reached skill level 1 in Ranged Weapons
  1809 | D:2      | Reached skill level 1 in Throwing
  1809 | D:2      | Reached skill level 1 in Armour
  1809 | D:2      | Reached skill level 1 in Dodging
  1809 | D:2      | Reached skill level 1 in Shields
  1809 | D:2      | Reached skill level 1 in Spellcasting
  1858 | D:2      | Reached XP level 4. HP: 38/38 MP: 5/5
  2402 | D:3      | Noticed a gnoll sergeant
  2419 | D:3      | Reached skill level 1 in Conjurations
  2419 | D:3      | Reached skill level 1 in Hexes
  2419 | D:3      | Reached skill level 1 in Summonings
  2419 | D:3      | Reached skill level 1 in Necromancy
  2419 | D:3      | Reached skill level 1 in Translocations
  2419 | D:3      | Reached skill level 1 in Transmutations
  2419 | D:3      | Reached skill level 1 in Fire Magic
  2419 | D:3      | Reached skill level 1 in Ice Magic
  2419 | D:3      | Reached skill level 1 in Air Magic
  2419 | D:3      | Reached skill level 1 in Earth Magic
  2419 | D:3      | Reached skill level 1 in Poison Magic
  2451 | D:3      | Killed a gnoll sergeant
  2452 | D:3      | Reached XP level 5. HP: 18/43 MP: 5/7
  3222 | D:3      | Reached XP level 6. HP: 43/50 MP: 8/8
  3665 | D:4      | Elyvilon protects you from harm!
  3667 | D:4      | Reached skill level 5 in Fighting
  3667 | D:4      | Reached skill level 5 in Short Blades
  3667 | D:4      | Reached skill level 5 in Evocations
  3871 | D:4      | Reached *** piety under Elyvilon
  4093 | D:4      | Found a burning altar of Makhleb.
  4243 | D:4      | Reached skill level 7 in Unarmed Combat
  4243 | D:4      | Reached XP level 7. HP: 33/56 MP: 10/10
  4462 | D:4      | Found an ancient bone altar of Kikubaaqudgha.
  4464 | D:4      | Found an ornate altar of the Wu Jian Council.
  4903 | D:5      | Entered Level 5 of the Dungeon
  5031 | D:5      | Found a runed translucent gate.
  5031 | D:5      | Found a runed translucent gate.
  5031 | D:5      | Found a runed translucent gate.
  5033 | D:5      | Noticed ThatPearl's ghost (novice DgIE)
  5332 | D:5      | Reached XP level 8. HP: 18/63 MP: 9/12
  6040 | D:5      | Found a basalt altar of Yredelemnul.
  6113 | D:5      | Learned a level 1 spell: Apportation
  6115 | D:5      | Learned a level 1 spell: Magic Dart
  6117 | D:5      | Learned a level 1 spell: Summon Small Mammal
  6120 | D:5      | Learned a level 2 spell: Searing Ray
  6468 | D:6      | Reached **** piety under Elyvilon
  6786 | D:6      | Reached XP level 9. HP: 40/69 MP: 2/14
  6960 | D:6      | Identified the +8 chain mail of the Past {rElec Str+5
                  | Dex-4}
  7268 | D:6      | Found a sacrificial altar of Ru.
  7882 | D:6      | Gained mutation: You are clumsy. (Dex -2) [potion of
                  | mutation]
  7882 | D:6      | Gained mutation: You are robust. (+10% HP) [potion of
                  | mutation]
  7882 | D:6      | Gained mutation: You are very robust. (+20% HP) [potion of
                  | mutation]
  8096 | D:7      | Found a glowing golden altar of the Shining One.
  8096 | D:7      | Found a glowing silver altar of Zin.
  8096 | D:7      | Found a white marble altar of Elyvilon.
  8146 | D:7      | Found a staircase to the Ecumenical Temple.
  8172 | D:7      | Reached skill level 5 in Stealth
  8178 | D:7      | Reached skill level 8 in Unarmed Combat
  8264 | D:7      | Noticed a hornet
  8280 | D:7      | Paralysed by a hornet for 2 turns
  8281 | D:7      | Killed a hornet
  8282 | D:7      | Reached skill level 5 in Invocations
  8368 | D:7      | Found Bilil's General Store.
  8384 | D:7      | Found Beihuos's Distillery.
  8384 | D:7      | Found Onwom's Assorted Antiques.
  8391 | D:7      | Found Xenot's Distillery.
  8410 | D:7      | Bought a lumpy emerald amulet for 135 gold pieces
  8419 | D:7      | Bought the +1 pair of gloves "Rirch" {Drain rC+ rCorr} for
                  | 329 gold pieces
  8453 | D:7      | Found a shimmering blue altar of Sif Muna.
  9221 | D:8      | Identified the +2 falchion "Usmiosih" {vamp, rPois}
  9318 | D:8      | Reached skill level 5 in Long Blades
  9318 | D:8      | Reached skill level 5 in Axes
  9318 | D:8      | Reached skill level 5 in Maces & Flails
  9318 | D:8      | Reached skill level 5 in Polearms
  9318 | D:8      | Reached skill level 5 in Staves
  9318 | D:8      | Reached skill level 5 in Ranged Weapons
  9318 | D:8      | Reached skill level 5 in Throwing
  9318 | D:8      | Reached skill level 5 in Armour
  9318 | D:8      | Reached skill level 5 in Dodging
  9318 | D:8      | Reached skill level 5 in Shields
  9318 | D:8      | Reached skill level 5 in Spellcasting
  9318 | D:8      | Reached XP level 10. HP: 36/92 MP: 14/17
 10126 | D:8      | Killed an unseen horror
 10734 | D:9      | Found Rack's Armour Shoppe.
 11052 | D:9      | Learned a level 3 spell: Gell's Gravitas
 11056 | D:9      | Learned a level 3 spell: Teleport Other
 11123 | D:9      | Reached ***** piety under Elyvilon
 11195 | D:9      | Noticed a two-headed ogre
 11276 | D:9      | Found Soisyse's Tremendous Tomes.
 11303 | D:9      | Elyvilon protects you from harm!
 11306 | D:9      | Killed a two-headed ogre
 11804 | D:9      | HP: 2/94 [something (3)]
 11805 | D:9      | Slain by a vampire

Illustrated notes

Levels and vault maps discovered:
D:1:      eino_arrival_cavern_b, layout_basic, basic_ecumenical_altar
D:2:      minmay_chambers_of_twos, layout_loops_ring
D:3:      layout_loops_ring, minmay_quadrilaterals
D:4:      layout_loops_ring, nicolae_overflow_hidden_temple, minivault_26,
          lemuel_flame_loot_1
D:5:      layout_basic, lemuel_zombie_altar_yredelemnul,
          ebering_ghost_rock_garden, saegor_snake_ambush
D:6:      layout_loops_ring, nicolae_ru_the_path_less_chosen
D:7:      nicolae_whirlpool, layout_rooms, dreamdust_divine_triumvirate,
          lemuel_blue_sif_altar, minmay_temple_entry_glass,
          minmay_shop_grid_forest
D:8:      layout_basic, minmay_diced_spiral
D:9:      layout_rooms, serial_shops, shop, nicolae_shop_i_like_big_books

Skill      XL: |  1  2  3  4  5  6  7  8  9 10 |
---------------+-------------------------------+-----
Invocations    | 1 2 3 4 5 6 |  6.1
Long Blades    | 1 2 3 5 |  5.5
Axes           | 1 2 3 5 |  5.5
Maces & Flails | 1 2 3 5 |  5.5
Polearms       | 1 2 3 5 |  5.5
Staves         | 1 2 3 5 |  5.5
Ranged Weapons | 1 2 3 5 |  5.5
Throwing       | 1 2 3 5 |  5.5
Armour         | 1 2 3 5 |  5.5
Dodging        | 1 2 3 5 |  5.5
Shields        | 1 2 3 5 |  5.5
Spellcasting   | 1 2 3 5 |  5.5
Conjurations   | 1 2 3 4 |  4.6
Hexes          | 1 2 3 4 |  4.6
Summonings     | 1 2 3 4 |  4.6
Necromancy     | 1 2 3 4 |  4.6
Translocations | 1 2 3 4 |  4.6
Transmutations | 1 2 3 4 |  4.6
Fire Magic     | 1 2 3 4 |  4.6
Ice Magic      | 1 2 3 4 |  4.6
Air Magic      | 1 2 3 4 |  4.6
Earth Magic    | 1 2 3 4 |  4.6
Poison Magic   | 1 2 3 4 |  4.6
Stealth        | 3 4 5 6 |  6.1
Fighting       | 5 6 7 |  7.3
Short Blades   | 5 6 7 |  7.3
Evocations     | 5 6 7 |  7.3
Unarmed Combat | 7 8 |  8.7

Action                   |  1- 3 |  4- 6 |  7- 9 | 10-12 || total
-------------------------+-------+-------+-------+-------++-------
Melee: Unarmed           |    15 |       |       |       ||    15
       Short sword       |    70 |   113 |   327 |   141 ||   651
       Punch             |     2 |    13 |    20 |    14 ||    49
       Bite              |     3 |    16 |    52 |    24 ||    95
       War axe           |       |       |       |    23 ||    23
Throw: Dart              |       |    16 |    13 |     1 ||    30
 Cast: Searing Ray       |       |       |    11 |    12 ||    23
       Magic Dart        |       |       |    19 |     1 ||    20
Invok: Heal Other        |       |       |     3 |     1 ||     4
       Heal Self         |       |       |     5 |     3 ||     8
       Purification      |       |       |     2 |     4 ||     6
Evoke: Wand              |       |       |       |     1 ||     1
  Use: Scroll            |     6 |     5 |    14 |       ||    25
       Potion            |       |       |     4 |     5 ||     9
 Stab: Sleeping          |     3 |     3 |     5 |       ||    11
       Distracted        |       |       |       |     1 ||     1
Armor: Robe              |    28 |    29 |    46 |       ||   103
       Leather armour    |       |       |    65 |     3 ||    68
       Steam dragon scal |       |       |       |    87 ||    87
Dodge: Dodged            |    51 |    55 |   212 |    96 ||   414
Block: Other             |       |       |    21 |    39 ||    60
       Reflection        |       |       |     2 |     1 ||     3
